 Dungeon Crawl Stone Soup version 0.26.1-11-gd32895ea62 (webtiles) character file.

Game seed: 12025681154239128803

101 infcreate the Grave Robber (level 4, -1/24 HPs)
             Began as a Vampire Necromancer on June 25, 2021.
             Slain by a giant cockroach (2 damage)
             ... on level 2 of the Dungeon.
             The game lasted 00:07:11 (2016 turns).

infcreate the Grave Robber (Vampire Necromancer)    Turns: 2016, Time: 00:07:12

Health: -1/24      AC:  2    Str:  7    XL:     4   Next: 48%
Magic:  0/7        EV: 13    Int: 17    God:
Gold:   203        SH:  0    Dex: 15    Spells: 5/7 levels left

rFire    . . .     SeeInvis +   k - +4 short sword (drain)
rCold    + + .     Faith    .   (no shield)
rNeg     + + +     Spirit   .   a - +0 robe
rPois    ∞         Reflect  .   (no helmet)
rElec    .         Harm     .   (no cloak)
rCorr    .         Rampage  .   (no gloves)
Will     .....                  (no boots)
Stlth    +++++.....             (no amulet)
HPRegen  0.00/turn              (no ring)
MPRegen  0.10/turn              (no ring)

@: bloodless
A: fangs 3, see invisible, unbreathing
a: Bat Form, Revivify


You were on level 2 of the Dungeon.
You visited 1 branch of the dungeon, and saw 3 of its levels.

You collected 203 gold pieces.


Innate Abilities, Weirdness & Mutations

You do not regenerate when monsters are visible.
You are frail without blood (-20% HP).
You can heal yourself when you bite living creatures.
You are immune to poison.
You have razor-sharp teeth.
You have supernaturally acute eyesight. (SInv)
You can survive without breathing.


   Skills:
 + Level 0.9 Fighting
 * Level 1.7 Short Blades
 * Level 3.1 Dodging
 * Level 4.1 Stealth
 + Level 2.3 Spellcasting
 * Level 4.9 Necromancy


You had 5 spell levels left.
You knew the following spells:

 Your Spells              Type           Power        Failure   Level
a - Animate Skeleton      Necr           36%          2%          1
p - Pain                  Necr           72%          2%          1

Your spell library contained the following spells:

 Spells                   Type           Power        Failure   Level
 Vampiric Draining        Necr           9%           8%          3
 Animate Dead             Necr           9%           24%         4
 Agony                    Necr           18%          56%         5

Inventory:

Hand Weapons
 h - a +0 dagger
 k - a +4 short sword of draining (weapon)
Armour
 a - a +0 robe (worn)
Wands
 j - a wand of flame (12)
Scrolls
 b - a scroll of amnesia {unknown}
 c - 4 scrolls of identify {@r1}
 d - a scroll of enchant armour {unknown}
 e - a scroll of teleportation {unknown}
 g - a scroll of immolation {unknown}
 i - a scroll of noise {unknown}
Potions
 f - 2 potions of curing {unknown}
 l - a potion of haste {unknown}
 m - a potion of brilliance {unknown}

Dungeon Overview and Level Annotations

Branches:
Dungeon (3/15)

Altars:
Cheibriados

......##.#####.##.#####.#.# #.##.
.##........)##.##.........# #.##.
###†####.##.##.#######.#### #....
.<..# #.#......# #...# ###..
....####........# #...# ##..
#####....#..##..# #..)######...
#####.#.........# #...>........
.........#......#####...#####....
.....#.#.#......@B...............
.......#.###.....................
.....###.......#................#
.....# #>....########..<#####....
###### #.##### #.........#..
########.# #...#########
.......#.# #...# # .##......#
#...# # ....##.### ##.## #


You could see a giant cockroach.


Message History

* * * LOW HITPOINT WARNING * * *
Casting: Pain (safe; 2% risk of failure)
Confirm with . or Enter, or press ? or * to list all spells.
Aiming: Pain (safe; 2% risk of failure)
Press: ? - help, Shift-Dir - straight line, f/p - gnoll
Aim: a gnoll, wielding a +2 flail of venom (severely wounded, chance to affect: 84%)
The gnoll writhes in agony.
The gnoll barely misses you. The giant cockroach bites you.
* * * LOW HITPOINT WARNING * * *
Casting: Pain (safe; 2% risk of failure)
Confirm with . or Enter, or press ? or * to list all spells.
Aiming: Pain (safe; 2% risk of failure)
Press: ? - help, Shift-Dir - straight line, f/p - gnoll
Aim: a gnoll, wielding a +2 flail of venom (severely wounded, chance to affect: 84%)
The gnoll writhes in agony.
You kill the gnoll!
The giant cockroach barely misses you. x2
Casting: Pain (safe; 2% risk of failure)
Confirm with . or Enter, or press ? or * to list all spells.
You don't have enough magic to cast that spell.
You closely miss the giant cockroach. The giant cockroach bites you.
* * * LOW HITPOINT WARNING * * *
The giant cockroach completely misses you.
Casting: Pain (safe; 2% risk of failure)
Confirm with . or Enter, or press ? or * to list all spells.
Aiming: Pain (safe; 2% risk of failure)
Press: ? - help, Shift-Dir - straight line, f - giant cockroach
Aim: a giant cockroach (chance to affect: 89%)
The giant cockroach barely resists.
The giant cockroach bites you.
You die...

Skill      XL: |  1  2  3  4 |
---------------+-------------+-----
Short Blades   | 1 |  1.7
Dodging        | 3 |  3.1
Stealth        | 4 |  4.1
Fighting       | |  0.9
Spellcasting   | |  2.3
Necromancy     | |  4.9

Action                   |  1- 3 |  4- 6 || total
-------------------------+-------+-------++-------
Melee: Short sword       |     8 |     1 ||     9
       Bite              |     5 |       ||     5
       Dagger            |    16 |       ||    16
 Cast: Pain              |    52 |    20 ||    72
 Abil: Exsanguinate      |     1 |       ||     1
  Use: Scroll            |     1 |       ||     1
 Stab: Sleeping          |     7 |       ||     7
Armor: Robe              |     6 |     1 ||     7
Dodge: Dodged            |    24 |    12 ||    36

Levels and vault maps discovered:
D:1:      amcnicky_arrival_flooded_fountain, layout_rooms
D:2:      layout_loops_cross, minmay_tripent, uniq_terence
D:3:      minmay_roachtagon, layout_rooms, nicolae_overflow_crystal_walls,
          nzn_wu_jian_contemplation, chequers_ecumenical_altar_simple_redux

Notes
Turn   | Place    | Note
-------+----------+-------------------------------------------
     0 | D:1      | infcreate the Vampire Necromancer began the quest for the
                  | Orb.
     0 | D:1      | Reached XP level 1. HP: 13/13 MP: 3/3
    20 | D:1      | Learned a level 1 spell: Animate Skeleton
   373 | D:1      | Reached XP level 2. HP: 12/15 MP: 0/5
   706 | D:2      | Reached skill level 1 in Short Blades
   718 | D:2      | Reached XP level 3. HP: 20/20 MP: 1/6
   902 | D:2      | Noticed Terence
  1499 | D:2      | Killed Terence
  1500 | D:2      | Reached skill level 3 in Dodging
  1500 | D:2      | Reached XP level 4. HP: 8/24 MP: 3/7
  1819 | D:3      | Found a faded altar of an unknown god.
  1889 | D:3      | Reached skill level 4 in Stealth
  1951 | D:3      | Found a snail-covered altar of Cheibriados.
  2005 | D:2      | HP: 2/24 [giant cockroach (1)]
  2016 | D:2      | Slain by a giant cockroach

Vanquished Creatures
  Terence (D:2)
  A gnoll (D:2)
  An adder (D:2)
  2 oozes
  2 worms (D:2)
  3 dart slugs (D:1)
  2 giant cockroaches
  4 goblins
  4 hobgoblins
  2 jackals (D:2)
  A quokka (D:2)
  10 bats
  2 frilled lizards (D:3)
  2 kobolds (D:2)
  A rat (D:3)
38 creatures vanquished.

Table legend: (Time is in decaauts)
 A = Elapsed time spent in this place.
 B = Non-inter-level travel time spent in this place.
 C = Inter-level travel time spent in this place.
 D = Time resting spent in this place.
 E = Time spent auto-exploring this place.
 F = Levels seen in this place.
 G = Mean time per level.
                   A        B        C        D        E       F      G
               +--------+--------+--------+--------+--------+-----+--------+
         Total |   2013 |   1838 |    175 |    762 |      0 |   3 |  671.0 |
       Dungeon |   2013 |   1838 |    175 |    762 |      0 |   3 |  671.0 |
               +--------+--------+--------+--------+--------+-----+--------+

Top non-repeatable levels by time:
     D:2: 1140 daAuts
     D:1: 691 daAuts
     D:3: 182 daAuts

Table legend:
 A = Non-vault XP
 B = Vault XP
 C = Vault XP percentage of total XP
 D = Non-vault monster count
 E = Vault monster count
 F = Vault count percentage of total count
                 A         B        C        D         E       F
            +---------+---------+-------+---------+---------+-------
      Total |      98 |      47 |  32.4 |      35 |       3 |   7.9
            +---------+---------+-------+---------+---------+-------
        D:1 |      25 |       0 |   0.0 |      10 |       0 |   0.0
        D:2 |      58 |      47 |  44.8 |      18 |       3 |  14.3
        D:3 |      15 |       0 |   0.0 |       7 |       0 |   0.0
            +---------+---------+-------+---------+---------+-------
